 Dungeon Crawl Stone Soup version 0.26-a0-639-g72c4674 (webtiles) character file.

Game seed: 6433305854247526655

70 royokou the Chopper (level 4, -2/41 HPs)
             Began as a Hill Orc Fighter on Sept 18, 2020.
             Slain by a gnoll
             ... wielding a +0 halberd
              (10 damage)
             ... on level 2 of the Dungeon on Sept 19, 2020.
             The game lasted 00:03:22 (1134 turns).

royokou the Chopper (Hill Orc Fighter)              Turns: 1134, Time: 00:03:23

Health: -2/41      AC:  6    Str: 19    XL:     4   Next: 22%
Magic:  4/4        EV:  7    Int:  8    God:
Gold:   39         SH:  9    Dex: 10    Spells: 3/3 levels left

rFire    . . .     SeeInvis .   a - +0 war axe
rCold    . . .     Faith    .   c - +0 kite shield
rNeg     . . .     Spirit   .   b - +0 scale mail
rPois    .         Reflect  .   (no helmet)
rElec    .         Harm     .   (no cloak)
rCorr    .         Rampage  .   (no gloves)
MR       .....                  (no boots)
Stlth    ..........             (no amulet)
HPRegen  0.13/turn              (no ring)
MPRegen  0.09/turn              (no ring)

@: mighty
A: no striking features
a: no special abilities


You were on level 2 of the Dungeon.
You visited 1 branch of the dungeon, and saw 2 of its levels.

You collected 39 gold pieces.

Inventory:

Hand Weapons
 a - a +0 war axe (weapon)
Armour
 b - a +0 scale mail (worn)
 c - a +0 kite shield (worn)
Scrolls
 f - 3 scrolls of identify {unknown}
 g - a scroll of magic mapping {unknown}
 i - a scroll of immolation {unknown}
Potions
 e - a potion of heal wounds {unknown}
 h - a potion of invisibility {unknown}
 j - a potion of brilliance {unknown}


   Skills:
 + Level 4.5 Fighting
 * Level 5.0 Axes
 - Level 3.2 Armour
 - Level 3.2 Shields


You had 3 spell levels left.
You didn't know any spells.
Your spell library was empty.

Dungeon Overview and Level Annotations

Branches:
Dungeon (2/15)

Altars:


Message History

The gnoll hits you with a +0 spear.
You are too injured to fight recklessly!
You are too injured to fight recklessly!
You are too injured to fight recklessly!
You are too injured to fight recklessly!
You hit the gnoll but do no damage. You closely miss the gnoll.
You block the gnoll's attack.
The gnoll hits you from afar with a +0 halberd!
* * * LOW HITPOINT WARNING * * *
The gnoll hits you with a +0 spear.
* * * LOW HITPOINT WARNING * * *
The gnoll hits you but does no damage.
Sorry, you're not good enough to have a special ability.
You feel very mighty all of a sudden. You block the gnoll's attack. x2
You closely miss the gnoll. You slash the gnoll!
The gnoll hits you with a +0 club.
* * * LOW HITPOINT WARNING * * *
The gnoll hits you from afar with a +0 halberd!
You die...

...# ###..###.#.##.##....#.#####
#### #....###.##.#.#.##.........
#........###...######.#####
#...#######...## #...... #...#
#...### ####.##
#...#######.....########.##
#)........#.......#........
#######...#####g#..##.#.#.......#
...............g@..##.#.#.......#
...................##............
...............g.#.####.#.......#
######....#.###.##..###.#........
#..........##......#.......#
#..†.#.#######.#############
#....#.# #.#############
....#.#.# #.............#
##....... #############.#


You could see 3 gnolls.

Vanquished Creatures
  A gnoll (D:2)
  An adder (D:2)
  2 oozes
  A worm (D:2)
  2 dart slugs (D:1)
  A leopard gecko (D:1)
  2 giant cockroaches (D:1)
  4 goblins (D:1)
  3 hobgoblins
  8 kobolds (D:1)
  5 bats
  8 rats
38 creatures vanquished.

Vanquished Creatures (others)
  A bat (D:1)
1 creature vanquished.

Grand Total: 39 creatures vanquished

Notes
Turn   | Place    | Note
-------+----------+-------------------------------------------
     0 | D:1      | royokou the Hill Orc Fighter began the quest for the Orb.
     0 | D:1      | Reached XP level 1. HP: 19/19 MP: 1/1
   139 | D:1      | Reached skill level 3 in Axes
   175 | D:1      | Reached XP level 2. HP: 26/27 MP: 2/2
   424 | D:1      | Reached skill level 4 in Axes
   541 | D:1      | Reached XP level 3. HP: 32/33 MP: 3/3
   950 | D:2      | Reached XP level 4. HP: 41/41 MP: 4/4
  1040 | D:2      | Reached skill level 5 in Axes
  1134 | D:2      | Slain by a gnoll

Illustrated notes

Levels and vault maps discovered:
D:1:      psy_arrival_whirlpool, layout_loops_ring, st_stairs_7
D:2:      layout_loops_cross

Skill      XL: |  1  2  3  4 |
---------------+-------------+-----
Axes           | 3 4 5 |  5.0
Fighting       | 4 |  4.5
Armour         | |  3.2
Shields        | |  3.2

Action                   |  1- 3 |  4- 6 || total
-------------------------+-------+-------++-------
Melee: War axe           |   102 |    19 ||   121
  Use: Potion            |       |     1 ||     1
Armor: Scale mail        |    37 |    10 ||    47
Dodge: Dodged            |    35 |     9 ||    44
Block: Kite shield       |    48 |    15 ||    63

Table legend: (Time is in decaauts)
 A = Elapsed time spent in this place.
 B = Non-inter-level travel time spent in this place.
 C = Inter-level travel time spent in this place.
 D = Time resting spent in this place.
 E = Time spent auto-exploring this place.
 F = Levels seen in this place.
 G = Mean time per level.
                   A        B        C        D        E       F      G
               +--------+--------+--------+--------+--------+-----+--------+
         Total |   1182 |   1157 |     25 |      0 |    880 |   2 |  591.0 |
       Dungeon |   1182 |   1157 |     25 |      0 |    880 |   2 |  591.0 |
               +--------+--------+--------+--------+--------+-----+--------+

Top non-repeatable levels by time:
     D:1: 897 daAuts
     D:2: 285 daAuts
